 Dungeon Crawl Stone Soup version 0.29-a0-231-g945431f764 (webtiles) character file.

Game seed: 3854817264569135861

15 siradein the Digger (level 2, -6/20 HPs)
             Began as a Ghoul Earth Elementalist on Feb 28, 2022.
             Mangled by Natasha (7 damage)
             ... on level 2 of the Dungeon.
             The game lasted 00:01:03 (635 turns).

siradein the Digger (Ghoul Earth Elementalist)       Turns: 635, Time: 00:01:03

Health: -6/20      AC:  2    Str: 11    XL:     2   Next: 50%
Magic:  3/3        EV: 12    Int: 10    God:
Gold:   30         SH:  5    Dex:  9    Spells: 3/4 levels left

rFire   . . .      SeeInvis .   c - +0 spear (venom)
rCold   + . .      Faith    .   (no shield)
rNeg    + + +      Spirit   .   b - +0 robe
rPois   ∞          Reflect  +   (no helmet)
rElec   .          Harm     .   (no cloak)
rCorr   .          Rampage  .   (no gloves)
Will    .....                   (no boots)
Stlth   ++........              d - amulet of reflection
HPRegen 0.00/turn               (no ring)
MPRegen 0.08/turn               (no ring)

@: inhibited regen, slowed, very slow
A: claws 1, cold resistance 1, negative energy resistance 3, inhibited
regeneration, torment resistance 2
a: no special abilities


You were on level 2 of the Dungeon.
You visited 1 branch of the dungeon, and saw 2 of its levels.

You collected 30 gold pieces.

Inventory:

Hand Weapons
 c - a +0 spear of venom (weapon)
Missiles
 a - 49 stones
 h - 3 poisoned darts
Armour
 b - a +0 robe (worn)
Jewellery
 d - an amulet of reflection (around neck)
Scrolls
 e - a scroll of enchant weapon {unknown}
 f - 2 scrolls of identify {unknown}
 g - a scroll of magic mapping {unknown}
 i - a scroll of teleportation {unknown}
Potions
 j - a potion of flight {unknown}


   Skills:
 - Level 1.7 Dodging
 - Level 2.1 Stealth
 - Level 1.7 Spellcasting
 - Level 0.8 Transmutations
 + Level 4.2 Earth Magic


You had 3 spell levels left.
You knew the following spells:

 Your Spells              Type           Power      Damage    Failure   Level
a - Sandblast             Erth           18%        2d7       5%          1

Your spell library contained the following spells:

 Spells                   Type           Power      Damage    Failure   Level
 Passwall                 Tmut/Erth      4%         N/A       17%         2
 Stone Arrow              Conj/Erth      10%        3d7       38%         3
 Petrify                  Tmut/Erth      5%         N/A       75%         4


Dungeon Overview and Level Annotations

Branches:
Dungeon (1/15)

Altars:

Shops:
D:2 *

Annotations:
D:2 Natasha


Innate Abilities, Weirdness & Mutations

You thrive by killing the living.
You are immune to poison.
You have sharp fingernails.
Your flesh is cold resistant. (rC+)
You are immune to negative energy. (rN+++)
You do not regenerate when monsters are visible.
You are immune to unholy pain and torment.


Message History

Reach: c) +0 spear (venom)
Press: ? - help, Dir - move target, f - Natasha
Aim: Natasha (about 53% to evade your +0 spear of venom)
The adder is in the way.
You barely miss the adder.
The adder is severely wounded.
You kill the adder!
You feel better.
Natasha wildly gestures.
Natasha glows brightly for a moment.
Natasha barely misses you.
Your Earth Magic skill increases to level 4!
You have reached level 2!
You hit Natasha but do no damage.
Natasha is poisoned.
Natasha barely misses you.
Natasha mumbles some strange words.
You barely miss Natasha.
Natasha is lightly wounded.
Natasha claws you.
* * * LOW HITPOINT WARNING * * *
The iron imp barely misses you. You block Natasha's attack.
You completely miss Natasha.
Natasha is lightly wounded.
Natasha claws you but does no damage.
The iron imp hits you but does no damage.
The iron imp shouts, "Run away, thou dankish mumble-news pimple!"
You hit Natasha.
Natasha looks even sicker.
Natasha is heavily wounded.
You feel yourself speed up. You block Natasha's attack.
You block the iron imp's attack. Natasha barely misses you.
The iron imp hits you.
* * * LOW HITPOINT WARNING * * *
Natasha casts a spell at you.
You feel yourself slow down. The iron imp closely misses you.
Natasha mumbles some strange words.
Natasha shimmers violently.
The iron imp closely misses you.
Unknown command.
Natasha claws you!
You die...

........#
#......#
........#
##.....#
........#
#.##+##
........#
#..#.#
........#
##.#.#
........#
#5#.#
#########
#...#
##h5#
#@.# #..#
.....
##..##.#
#..# #
#..# #..#
##.#


You could see 2 iron imps and Natasha (very poisoned).

Vanquished Creatures
  An adder (D:2)
  A ball python (D:2)
  An endoplasm (D:2)
  A goblin (D:1)
  A quokka (D:2)
  A kobold (D:2)
6 creatures vanquished.

Notes
Turn   | Place    | Note
-------+----------+-------------------------------------------
     0 | D:1      | siradein the Ghoul Earth Elementalist began the quest for
                  | the Orb.
     0 | D:1      | Reached XP level 1. HP: 14/14 MP: 2/2
   207 | D:1      | You fall into a shaft and drop 1 floor!
   232 | D:2      | Found Muhaom's General Store.
   606 | D:2      | Noticed Natasha
   613 | D:2      | Noticed a crimson imp
   621 | D:2      | Noticed an iron imp
   629 | D:2      | Reached skill level 4 in Earth Magic
   629 | D:2      | Reached XP level 2. HP: 8/20 MP: 3/3
   632 | D:2      | HP: 1/20 [iron imp[Natasha] (5)]
   635 | D:2      | Mangled by Natasha

Illustrated notes

Levels and vault maps discovered:
D:1:      nagdon_arrival_double_spiral, layout_basic
D:2:      layout_basic, serial_shops, nicolae_shop_advertising_works
          [nicolae_subvault_shop_adworks], shapermc_ecumenical_altar_pompeii,
          uniq_natasha

Skill      XL: |  1 |
---------------+----+-----
Earth Magic    | 4 |  4.2
Dodging        | |  1.7
Stealth        | |  2.1
Spellcasting   | |  1.7
Transmutations | |  0.8

Action                   || total
-------------------------++-------
Melee: Spear             ||    20
 Stab: Sleeping          ||     1
Armor: Robe              ||     3
Dodge: Dodged            ||    19
Block: Other             ||     7

Table legend: (Time is in decaauts)
 A = Elapsed time spent in this place.
 B = Non-inter-level travel time spent in this place.
 C = Inter-level travel time spent in this place.
 D = Time resting spent in this place.
 E = Time spent auto-exploring this place.
 F = Levels seen in this place.
 G = Mean time per level.
                   A        B        C        D        E       F      G
               +--------+--------+--------+--------+--------+-----+--------+
         Total |    678 |    678 |      0 |      0 |    573 |   2 |  339.0 |
       Dungeon |    678 |    678 |      0 |      0 |    573 |   2 |  339.0 |
               +--------+--------+--------+--------+--------+-----+--------+

Top non-repeatable levels by time:
     D:2: 438 daAuts
     D:1: 240 daAuts
